cohdb
Replays
Latest Replays
All Replays
Popular Replays
Top Player Replays
Match Explorer
How It Works
Community
CoH3 Stats
Reddit
Sign in to upload your games and track your stats! →
Sign in with Steam
Match 42506369
Unlisted
Match 42506369
Overview
Messages
Build Orders
End
Kradschützen Motorcycle Team
Panzergrenadier Squad
250 Light Carrier
Construct Light Support Kompanie
MG34 Team
Combat Half-tracks
Selects Italian Infantry
Fire Support Elements
Flakvierling Half-track
Vehicle Survival Package
Panzerjäger Mechanized Group
Selects Guastatori Squad
Guastatori Squad
Pak 38 Anti-tank Gun Team
Selects Registered Artillery
Selects L6/40 Light Tank Combat Group
Panzerpioneer Squad
Veteran Squad Leaders
Selects Towed Cannone da 105/28 Field Howitzer
Towed Cannone da 105/28 Field Howitzer
Construct Panzerarmee Kommand
Selects Defensive Operations
Panzer III L Medium Tank
Selects Prepared Positions
Tungsten Core Ammunition
Thomsen
Thunderdragn
Strider_perc
KevinTDW
0
0
Comments
sign in to comment!
No comments posted yet!